 Dungeon Crawl Stone Soup version 0.30-b1-2-g02819fbbbe (webtiles) character file.

Game seed: 3818329342075590530

1912 Hugehornet the Basher (level 9, -1/51 HPs)
             Began as a Gargoyle Fighter on Sept 20, 2023.
             Was an Initiate of Okawaru.
             Slain by a gnoll sergeant
             ... wielding a +4 spear of flaming
              (9 damage)
             ... on level 7 of the Dungeon.
             The game lasted 00:15:39 (4935 turns).

Hugehornet the Basher (Gargoyle Fighter)            Turns: 4935, Time: 00:15:40

Health: -1/51      AC: 16    Str: 21    XL:     9   Next: 16%
Magic:  9/9        EV:  9    Int: 12    God:    Okawaru [......]
Gold:   434        SH:  5    Dex: 15    Spells: 8/8 levels left

rFire   . . .        z - +0 morningstar
rCold   . . .        c - +0 buckler
rNeg    + . .        b - +0 scale mail
rPois   ∞            u - +0 helmet
rElec   +            k - +0 cloak
rCorr   .            (no gloves)
SInv    .            (no boots)
Will    .....        (no amulet) Stlth
                     n - +6 ring of dexterity
HPRegen 0.28/turn    (no ring)
MPRegen 0.11/turn

%: no passive effects
@: hasted, very quick
A: sickness immunity, AC +6, negative energy resistance 1, electricity
resistance, torment resistance 1, petrification resistance
a: Renounce Religion


You were on level 7 of the Dungeon.
You worshipped Okawaru.
Okawaru was noncommittal.
You visited 2 branches of the dungeon, and saw 8 of its levels.

You collected 434 gold pieces.

Inventory:

Hand Weapons
 a - a +0 flail
 s - a +2 dagger of venom
 t - a +2 sling of freezing
 z - a +0 morningstar (weapon)
 D - a +2 spear of flaming
Armour
 b - a +0 scale mail (worn)
 c - a +0 buckler (worn)
 k - a +0 cloak (worn)
 u - a +0 helmet (worn)
 y - a +0 chain mail
Jewellery
 n - a +6 ring of dexterity (left hand)
Wands
 v - a wand of polymorph (4)
 F - a wand of flame (2)
 I - a wand of acid (10)
 J - a wand of digging (6)
Scrolls
 f - 2 scrolls of acquirement {unknown}
 g - 2 scrolls of fog {unknown}
 h - a scroll of identify
 i - a scroll of amnesia {unknown}
 l - a scroll of noise {unknown}
 m - a scroll of torment {unknown}
 o - 5 scrolls of teleportation
 p - 4 scrolls of silence {unknown}
 w - 2 scrolls of magic mapping {unknown}
 C - 4 scrolls of immolation {unknown}
 E - 2 scrolls of summoning {unknown}
 G - a scroll of fear {unknown}
 H - a scroll of blinking {unknown}
Potions
 d - a potion of might
 e - a potion of heal wounds
 j - 2 potions of cancellation
 q - 2 potions of haste
 x - a potion of flight
 A - a potion of brilliance
 B - 3 potions of lignification


   Skills:
 - Level 3.2 Fighting
 - Level 10.0 Maces & Flails
 * Level 6.7 Armour
 - Level 5.0 Shields


You had 8 spell levels left.
You didn't know any spells.
Your spell library contained the following spells:

 Spells                   Type           Power      Damage    Failure   Level
 Apportation              Tloc           0%         N/A       69%         1
 Kiss of Death            Conj/Necr      0%         2d5       69%         1
 Necrotise                Necr           0%         1d4       69%         1
 Confusing Touch          Hex            0%         N/A       96%         3
 Dispel Undead            Necr           0%         3d6       100%        4
 Summon Small Mammal      Summ           Unusable   N/A       N/A         1

Dungeon Overview and Level Annotations

Branches:
Dungeon (7/15)             Temple (1/1) D:5

Altars:
Ashenzari
Cheibriados
Dithmenos
Elyvilon
Fedhas
Gozag
Hepliaklqana
Kikubaaqudgha
Makhleb
Nemelex Xobeh
Okawaru
Qazlal
Ru
Trog
Uskayaw
Wu Jian
Xom
Yredelemnul
The Shining One

Annotations:
D:6 2 transporters, Manslay's ghost, novice OpCj


Innate Abilities, Weirdness & Mutations

You are immune to sickness and miasma.
Your stone body is resilient. (AC +6)
You are immune to poison.
You resist negative energy. (rN+)
You are resistant to electric shocks. (rElec)
You are resistant to unholy torment.
You are immune to petrification.


Message History

The gnoll sergeant burns you.
Okay, then.
You are too injured to fight recklessly!
You are too injured to fight recklessly!
You hit the vampire but do no damage.
The vampire is heavily damaged.
The gnoll sergeant hits you but does no damage.
The vampire mumbles some strange words.
The vampire flickers and vanishes!
Deactivating autopickup; reactivate with Ctrl-A.
You closely miss something.
You hear some strange, mumbled words.
You are confused.
The gnoll sergeant hits you from afar with a +4 spear of flaming.
* * * LOW HITPOINT WARNING * * *
The gnoll sergeant burns you.
* * * LOW HITPOINT WARNING * * *
You feel much better. Something hits you!
Something bites you but does no damage.
The gnoll sergeant hits you but does no damage.
You feel better. Something hits you! You block something's attack.
You block the gnoll sergeant's attack.
You feel yourself speed up. You block something's attack.
Something bites you but does no damage. The gnoll sergeant closely misses you.
You closely miss something. Something hits you. Something bites you.
You block the gnoll sergeant's attack.
You miss something. Something hits you. Something bites you.
The gnoll sergeant barely misses you.
You hit something. Something hits you but does no damage.
Something bites you but does no damage. You block the gnoll sergeant's attack.
You hit something but do no damage. You thump something! Something hits you!
* * * LOW HITPOINT WARNING * * *
Something bites you but does no damage. The gnoll sergeant barely misses you.
You hit something. Okawaru accepts your kill.
Reactivating autopickup.
You feel a bit more experienced.
The gnoll sergeant hits you from afar with a +4 spear of flaming!
You die...

[>.. ###### ......... (..#
#....# #........
...######....# #o.......
...#.........#####.......#
...#.........'..go.g.....#
...#.........###g#########
.#.#.........# #g#
.....#+##....# #)#
#....#.#########@#
+....#.# #..[.# #....#.#
#.#### #......# #.#
####...######.#
#........#)#
#.#......#)####
#.######.#)...#
#.######......#


You could see a gnoll sergeant, 2 gnolls and an orc.

Vanquished Creatures
  Grinder (D:3)
  A vampire (D:7)
  A steam dragon (D:6)
  2 water moccasins
  A black bear (D:5)
  2 centaurs (D:6)
  A phantom (D:6)
  2 bullfrogs
  5 scorpions
  A howler monkey (D:6)
  4 hounds
  A gnoll bouda (D:5)
  3 iguanas (D:6)
  4 orc wizards
  Robin (D:3)
  10 gnolls
  8 adders
  An ufetubus (D:5)
  A dart slug (D:1)
  9 orcs
  9 ball pythons
  7 endoplasms
  2 giant cockroaches
  15 goblins
  13 hobgoblins
  7 jackals (D:5)
  7 quokkas
  4 bats
  3 frilled lizards
  9 kobolds
  4 rats
139 creatures vanquished.

Notes
Turn   | Place    | Note
-------+----------+-------------------------------------------
     0 | D:1      | Hugehornet the Gargoyle Fighter began the quest for the
                  | Orb.
     0 | D:1      | Reached XP level 1. HP: 14/14 MP: 1/1
    58 | D:1      | Reached XP level 2. HP: 19/19 MP: 2/2
   117 | D:1      | Reached skill level 3 in Maces & Flails
   471 | D:1      | Reached XP level 3. HP: 23/23 MP: 3/3
   522 | D:1      | Found a faded altar of an unknown god.
   550 | D:2      | You fall into a shaft and drop 1 floor!
   614 | D:3      | Found a large runed translucent door.
   615 | D:3      | Found a large runed translucent door.
   659 | D:3      | Noticed Grinder
   708 | D:2      | Found a shadowy altar of Dithmenos.
  1044 | D:2      | Reached skill level 4 in Maces & Flails
  1072 | D:2      | Reached XP level 4. HP: 26/28 MP: 4/4
  1378 | D:3      | Noticed Robin
  1429 | D:3      | Killed Robin
  1591 | D:3      | Found a stormy altar of Qazlal.
  2064 | D:3      | Paralysed by Grinder for 5 turns
  2075 | D:3      | Paralysed by Grinder for 3 turns
  2096 | D:3      | Killed Grinder
  2097 | D:3      | Reached skill level 6 in Maces & Flails
  2097 | D:3      | Reached XP level 5. HP: 32/32 MP: 5/5
  2097 | D:3      | Reached XP level 6. HP: 37/37 MP: 6/6
  2181 | D:3      | Found a shadowy altar of Dithmenos.
  2192 | D:3      | Found a basalt altar of Yredelemnul.
  2295 | D:4      | Reached skill level 7 in Maces & Flails
  2550 | D:4      | Reached XP level 7. HP: 36/41 MP: 7/7
  2976 | D:5      | Entered Level 5 of the Dungeon
  2984 | D:5      | Reached skill level 8 in Maces & Flails
  3161 | D:5      | Found a hide-covered altar of Uskayaw.
  3261 | D:5      | Found a staircase to the Ecumenical Temple.
  3384 | D:5      | Reached skill level 9 in Maces & Flails
  3428 | D:5      | Found a snail-covered altar of Cheibriados.
  3469 | D:5      | Reached XP level 8. HP: 45/46 MP: 8/8
  3821 | D:6      | Reached skill level 10 in Maces & Flails
  3915 | D:6      | Noticed Manslay's ghost (novice OpCj)
  4176 | D:6      | Found a transporter.
  4215 | D:6      | Found a transporter.
  4238 | D:6      | Found a sparkling altar of Nemelex Xobeh.
  4342 | D:6      | Reached skill level 5 in Armour
  4342 | D:6      | Reached skill level 5 in Shields
  4366 | D:6      | Reached XP level 9. HP: 51/51 MP: 9/9
  4525 | D:6      | Found a hazy altar of Hepliaklqana.
  4650 | Temple   | Entered the Ecumenical Temple
  4687 | Temple   | Became a worshipper of Warmaster Okawaru
  4935 | D:7      | Slain by a gnoll sergeant

Illustrated notes

Levels and vault maps discovered:
D:1:      amcnicky_arrival_abandoned_market, layout_rooms,
          dilly_ecumenical_altar_fadedgnrine, corexii_leaking_fountain
D:2:      layout_basic, basic_altar
D:3:      layout_basic, lemuel_crystal_altar, jmf_multi_god_temple2, uniq_robin,
          uniq_grinder
D:4:      layout_basic, grunt_ministairs_12, grunt_decor_junction,
          due_unseen_surprise
D:5:      layout_loops_ring, general_overflow_altar, kennysheep_mini_moat,
          minmay_temple_entry_from_below_a, minmay_crystal_room,
          supply_closet_lemuel
D:6:      layout_cave_pools, old_standard_altar, nicolae_overflow_hidden_temple,
          gammafunk_ghost_arena
D:7:      layout_basic
Temple:   nicolae_temple_ecumenical_triangle

Skill      XL: |  1  2  3  4  5  6  7  8  9 |
---------------+----------------------------+-----
Maces & Flails | 3 4 6 7 9 10 | 10.0
Armour         | 5 6 |  6.7
Shields        | 5 |  5.0
Fighting       | |  3.2

Action                     |  1- 3 |  4- 6 |  7- 9 || total
---------------------------+-------+-------+-------++-------
  Melee: Flail             |   140 |   154 |    38 ||   332
         Unarmed           |       |     5 |       ||     5
         Morningstar       |       |       |   210 ||   210
    Use: Scroll            |       |       |     7 ||     7
         Potion            |       |       |     3 ||     3
   Stab: Confused          |       |     1 |       ||     1
 Armour: Scale mail        |    94 |    74 |   135 ||   303
         Skin              |       |     6 |       ||     6
  Dodge: Dodged            |    81 |    98 |   106 ||   285
  Block: Buckler           |    41 |    37 |    66 ||   144
